 Dungeon Crawl Stone Soup version 0.30-a0-651-g0755cc6dcf (console) character file.

Game seed: 5818747657080461809

21 Ignak the Ogre Mage (level 2, 0/26 HPs)
             Began as an Ogre Hedge Wizard on Jan 18, 2023.
             Succumbed to an adder's poison
             ... on level 2 of the Dungeon.
             The game lasted 00:03:14 (1093 turns).

Ignak the Ogre Mage (Ogre Hedge Wizard)             Turns: 1093, Time: 00:03:15

Health: 0/26       AC:  3    Str: 13    XL:     2   Next: 87%
Magic:  0/6        EV: 10    Int: 15    God:
Gold:   108        SH:  0    Dex: 14    Spells: 3/8 levels left

rFire   . . .      SeeInvis .    f - +0 hand axe
rCold   . . .      Faith    .    (no shield)
rNeg    . . .      Spirit   .    b - +0 robe
rPois   .          Reflect  .    c - +0 hat
rElec   .          Harm     .    (no cloak)
rCorr   .          Rampage  .    (gloves unavailable)
Will    .....                    (boots unavailable)
Stlth   ++                       (no amulet)
HPRegen 0.24/turn                h - +6 ring of dexterity
MPRegen 0.10/turn                (no ring)

@: lethally poisoned (0 -> -4), very slightly contaminated
A: large, unfitting armour, tough skin 1
a: no special abilities


You were on level 2 of the Dungeon.
You visited 1 branch of the dungeon, and saw 2 of its levels.

You collected 108 gold pieces.

Inventory:

Hand Weapons
 e - a +0 club
 f - a +0 hand axe (weapon)
Armour
 b - a +0 robe (worn)
 c - a +0 hat (worn)
Jewellery
 h - a +6 ring of dexterity (left hand)
Scrolls
 a - a scroll of teleportation {unknown}
 g - a scroll of acquirement {unknown}
 j - a scroll of silence
 k - a scroll of magic mapping
Potions
 d - a potion of magic


   Skills:
 * Level 0.9 Fighting
 * Level 0.2 Axes
 - Level 0.1(0.2) Maces & Flails
 + Level 0.4 Armour
 + Level 1.9 Dodging
 - Level 1.4 Stealth
 + Level 0.2 Unarmed Combat
 + Level 3.7 Spellcasting
 + Level 1.1 Conjurations
 - Level 0.8 Summonings
 + Level 1.0 Translocations
 + Level 0.4 Air Magic
 + Level 0.1 Poison Magic


You had 3 spell levels left.
You knew the following spells:

 Your Spells              Type           Power      Damage    Failure   Level
a - Magic Dart            Conj           24%        1d4       12%         1
b - Blink                 Tloc           12%        N/A       19%         2
e - Call Imp              Summ           5%         N/A       21%         2

Your spell library contained the following spells:

 Spells                   Type           Power      Damage    Failure   Level
 Slow                     Hex            8%         N/A       19%         1
 Cigotuvi's Dreadful Rot  Necr/Pois/Air  6%         N/A       26%         2
 Mephitic Cloud           Conj/Pois/Air  4%         N/A       41%         3


Dungeon Overview and Level Annotations

Branches:
Dungeon (2/15)

Altars:

Shops:
D:1 ?


Innate Abilities, Weirdness & Mutations

You are too large for most types of armour.
You have tough skin. (AC +1)


Message History

Nothing appears to happen.
You feel sick. The adder bites you.
Your crimson imp hits the adder.
The adder bites you but does no damage.
Casting: Blink (safe; 19% risk of failure)
Confirm with . or Enter, or press ? or * to list all spells.
You blink.
You feel sick.
You are no longer poisoned.
The adder bites your crimson imp.
Your crimson imp blinks!
Press: ? - help, v - describe, . - travel
Here: an adder (heavily wounded, ally target)
An open door.
Your crimson imp completely misses the adder.
Okay, then.
Casting: Blink (safe; 19% risk of failure)
Confirm with . or Enter, or press ? or * to list all spells.
Aiming: Magic Dart (safe; 12% risk of failure)
Press: ? - help, Shift-Dir - straight line, f - adder
Aim: an adder (moderately wounded, ally target, 100% to hit)
The magic dart hits the adder.
The adder is heavily wounded.
The adder bites you.
* * * LOW HITPOINT WARNING * * *
Your crimson imp blinks!
Unknown command.
You closely miss the adder.
The adder is heavily wounded.
The adder closely misses you. The adder bites you.
* * * LOW HITPOINT WARNING * * *
You are lethally poisoned!
The adder poisons you!
You hit the adder.
The adder is severely wounded.
You feel stable enough to blink again.
* * * LOW HITPOINT WARNING * * *
You feel very sick.
Your crimson imp disappears in a puff of smoke!
The adder closely misses you.
You closely miss the adder.
The adder is severely wounded.
You die...

##+####
#.....#
#.....#
#..@..#
#.§S$.#
#.....#
##'####
#.# #.#
#.# #.#
#.#


You could see an adder.

Vanquished Creatures
  2 ball pythons (D:1)
  2 endoplasms (D:1)
  A goblin (D:1)
  3 hobgoblins (D:1)
  A bat (D:1)
  A frilled lizard (D:1)
  6 kobolds
  A rat (D:1)
17 creatures vanquished.

Vanquished Creatures (collateral kills)
  A bat (D:1)
  A kobold (D:1)
2 creatures vanquished.

Grand Total: 19 creatures vanquished

Notes
Turn   | Place    | Note
-------+----------+-------------------------------------------
     0 | D:1      | Ignak the Ogre Hedge Wizard began the quest for the Orb.
     0 | D:1      | Reached XP level 1. HP: 16/16 MP: 5/5
   178 | D:1      | Reached skill level 1 in Conjurations
   178 | D:1      | Reached skill level 1 in Translocations
   182 | D:1      | Reached XP level 2. HP: 26/26 MP: 2/6
   185 | D:1      | Learned a level 2 spell: Blink
   188 | D:1      | Learned a level 2 spell: Call Imp
   383 | D:1      | Found Rootrira's Magic Scroll Shoppe.
  1092 | D:2      | HP: 1/26 [poisoned by an adder]
  1093 | D:2      | Succumbed to an adder's poison

Illustrated notes

Levels and vault maps discovered:
D:1:      erik_arrival_blinker_ship, layout_basic, serial_shops,
          nicolae_shop_statue_plus
D:2:      layout_basic, serial_shops, shop

Skill      XL: |  1 |
---------------+----+-----
Conjurations   | 1 |  1.1
Translocations | 1 |  1.0
Fighting       | |  0.9
Axes           | |  0.2
Maces & Flails | |  0.1
Armour         | |  0.4
Dodging        | |  1.9
Stealth        | |  1.4
Unarmed Combat | |  0.2
Spellcasting   | |  3.7
Summonings     | |  0.8
Air Magic      | |  0.4
Poison Magic   | |  0.1

Action                   || total
-------------------------++-------
Melee: Club              ||     4
       Dagger            ||     4
       Hand axe          ||    34
 Cast: Magic Dart        ||    12
       Blink             ||     4
       Call Imp          ||     4
  Use: Scroll            ||     3
 Stab: Sleeping          ||     1
Armor: Robe              ||    21
Dodge: Dodged            ||    39

Table legend: (Time is in decaauts)
 A = Elapsed time spent in this place.
 B = Non-inter-level travel time spent in this place.
 C = Inter-level travel time spent in this place.
 D = Time resting spent in this place.
 E = Time spent auto-exploring this place.
 F = Levels seen in this place.
 G = Mean time per level.
                   A        B        C        D        E       F      G
               +--------+--------+--------+--------+--------+-----+--------+
         Total |   1102 |   1059 |     43 |     49 |    722 |   2 |  551.0 |
       Dungeon |   1102 |   1059 |     43 |     49 |    722 |   2 |  551.0 |
               +--------+--------+--------+--------+--------+-----+--------+

Top non-repeatable levels by time:
     D:1: 976 daAuts
     D:2: 126 daAuts
